 Dungeon Crawl Stone Soup version 0.31-a0-618-g7ca08c1ff9 (webtiles) character file.

Game seed: 330371507851922876

830 javelincjr the Sneak (level 7, -1/41 HPs)
             Began as an Octopode Conjurer on Aug 22, 2023.
             Was an Initiate of Vehumet.
             Slain by a scorpion (8 damage)
             ... on level 5 of the Dungeon.
             The game lasted 00:22:41 (5087 turns).

javelincjr the Sneak (Octopode Conjurer)            Turns: 5087, Time: 00:22:41

Health: -1/41      AC:  1    Str:  6    XL:     7   Next: 97%
Magic:  0/13       EV: 14    Int: 23    God:    Vehumet [......]
Gold:   131        SH:  0    Dex: 10    Spells: 11/14 levels left

rFire   . . .        j - +3 dagger (chaos)
rCold   . . .        (no shield)
rNeg    . . .        (helmet restricted)
rPois   .            (no amulet)
rElec   .            (no ring)
rCorr   .            (no ring)
SInv    .            (no ring)
Will    .....        (no ring)
Stlth   ++++         (no ring)
HPRegen 0.26/turn    (no ring)
MPRegen 0.13/turn    (no ring)
                     (no ring)

%: no passive effects
@: no status effects
A: almost no armour, amphibious, 8 rings, camouflage 1, gelatinous body 1,
(nimble swimmer 1), tentacles
a: Renounce Religion


You were on level 5 of the Dungeon.
You worshipped Vehumet.
Vehumet was noncommittal.
You visited 1 branch of the dungeon, and saw 5 of its levels.
You also visited: Ossuary.

You collected 175 gold pieces.
You spent 44 gold pieces at shops.

Inventory:

Hand Weapons
 j - a +3 dagger of chaos (weapon)
 l - a +2 quarterstaff
Armour
 t - an orb of guile
Scrolls
 b - 4 scrolls of enchant armour
 i - 2 scrolls of silence
 o - a scroll of teleportation
 p - a scroll of poison
 r - a scroll of revelation
 s - a scroll of amnesia
Potions
 a - a potion of magic
 c - 2 potions of mutation
 d - 2 potions of lignification
 e - a potion of enlightenment
 f - a potion of brilliance {unknown}
 g - 3 potions of heal wounds
 h - a potion of attraction {unknown}
 k - a potion of degeneration {unknown}
 m - a potion of curing {unknown}
 n - a potion of haste {unknown}
 q - a potion of resistance {unknown}


   Skills:
 + Level 2.5 Short Blades
 - Level 1.3 Staves
 + Level 4.3 Dodging
 + Level 6.1 Stealth
 + Level 4.0 Spellcasting
 + Level 5.5 Conjurations
 + Level 1.4 Fire Magic


You had 11 spell levels left.
You knew the following spells:

 Your Spells              Type           Power      Damage    Failure   Level
a - Magic Dart            Conj           100%       1d8       1%          1
b - Searing Ray           Conj           58%        2d6       1%          2

Your spell library contained the following spells:

 Spells                   Type           Power      Damage    Failure   Level
 Dazzling Flash           Conj/Hex       34%        N/A       10%         3
 Inner Flame              Hex/Fire       8%         N/A       24%         3
 Ignite Poison            Fire/Tmut/Pois 6%         N/A       26%         3
 Flame Wave               Conj/Fire      20%        2d7       26%         4
 Sticky Flame             Conj/Fire      20%        2d4       26%         4
 Fulminant Prism          Conj/Hex       8%         3d6       32%         4
 Iskenderun's Mystic Bla  Conj/Tloc      17%        2d5       32%         4
 Anguish                  Hex/Necr       2%         N/A       71%         4
 Cause Fear               Hex            2%         N/A       71%         4
 Enfeeble                 Hex            2%         N/A       100%        7
 Ignition                 Fire           5%         3d4       100%        8


Dungeon Overview and Level Annotations

Branches:
Dungeon (5/15)            Ossuary (visited)
 Temple: D:4-7

Altars:
Vehumet
Xom
Lugonu

Shops:
D:1 (   D:3 *

Portals:
Abyss: D:3

Annotations:
D:3 2 runed translucent doors, Pargi


Innate Abilities, Weirdness & Mutations

You cannot wear most types of armour.
You are amphibious.
You can wear up to eight rings at the same time.
Your skin changes colour to match your surroundings (Stealth+).
Your rubbery body absorbs attacks. (AC +1, EV +1)
((You are camouflaged when in or above water. (Stealth+)))
You have tentacles for arms and can constrict up to eight enemies at once.


Message History

Aim: a black bear (severely wounded, 100% to hit)
The magic dart hits the black bear!
The black bear is almost dead.
The black bear bites you. The black bear closely misses you. x2
You barely miss the black bear. Your grab misses the black bear.
You squeeze the black bear.
The black bear is almost dead.
You barely miss the black bear. Your grab misses the black bear.
The black bear is almost dead.
The black bear goes berserk!
You barely miss the black bear. Your grab misses the black bear.
The black bear is almost dead.
The black bear bites you! The black bear misses you. x2
The black bear bites you!
* * * LOW HITPOINT WARNING * * *
The black bear misses you. The black bear claws you.
* * * LOW HITPOINT WARNING * * *
You are too injured to fight recklessly!
You barely miss the black bear. You grab the black bear.
You squeeze the black bear.
You kill the black bear!
Vehumet accepts your kill.
Your Spellcasting skill increases to level 4!
You start resting.
A scorpion is nearby!
You start resting.
A scorpion is nearby!
You are too injured to fight recklessly!
Casting: Magic Dart (safe; 1% risk of failure)
Confirm with . or Enter, or press ? or * to list all spells.
Aiming: Searing Ray (safe; 1% risk of failure)
Press: ? - help, Shift-Dir - straight line, f - scorpion
Aim: a scorpion (wandering, hasn't noticed you, 79% to hit)
The searing ray hits the scorpion but does no damage. (Press . to maintain the ray.)
The searing ray hits the scorpion.
The scorpion is moderately wounded.
Without enough magic to sustain it, your searing ray dissipates.
The scorpion attacks as it pursues you! The scorpion stings you!
You die...

#+##
##...##.#
##.....#.#
##........#
#.........###
+............
#............
#.@.....#
##s....##
#....##
#...)§#
#...§.#
#.○_..#
#.§§..#####
#..§.......
#.....#####


You could see a scorpion.

Vanquished Creatures
  Menkaure (D:4)
  A black bear (D:5)
  A phantom (D:4)
  A scorpion (D:4)
  4 crimson imps (D:3)
  A hound (D:5)
  A jelly (D:4)
  A sleepcap (D:4)
  A gnoll bouda (D:4)
  An iguana (D:3)
  3 mummies (Ossuary)
  7 gnolls (D:4)
  7 adders
  2 worms
  An orc (D:3)
  3 ball pythons
  4 bats
  6 endoplasms
  4 giant cockroaches
  4 goblins
  5 hobgoblins
  3 jackals (D:1)
  A quokka (D:5)
  4 frilled lizards
  3 gnoll zombies (Ossuary)
  3 goblin zombies (Ossuary)
  2 hobgoblin zombies (Ossuary)
  5 kobolds
  2 kobold zombies (Ossuary)
  4 quokka zombies (Ossuary)
  11 rats
  4 rat zombies (Ossuary)
101 creatures vanquished.

Vanquished Creatures (others)
  An orc (D:5)
1 creature vanquished.

Grand Total: 102 creatures vanquished

Notes
Turn   | Place    | Note
-------+----------+-------------------------------------------
     0 | D:1      | javelincjr the Octopode Conjurer began the quest for the
                  | Orb.
     0 | D:1      | Reached XP level 1. HP: 11/11 MP: 3/3
   301 | D:1      | Reached skill level 3 in Stealth
   333 | D:1      | Reached XP level 2. HP: 17/17 MP: 3/5
   336 | D:1      | Learned a level 2 spell: Searing Ray
   664 | D:1      | Found Lyploapt's Weapon Emporium.
  1231 | D:1      | Reached XP level 3. HP: 21/21 MP: 2/6
  2193 | D:3      | Reached XP level 4. HP: 27/27 MP: 0/7
  2269 | D:3      | Found Istryb's Assorted Antiques.
  2278 | D:3      | Bought a viscous emerald potion for 22 gold pieces
  2278 | D:3      | Bought a golden potion for 22 gold pieces
  2396 | D:3      | Noticed Pargi
  2509 | D:3      | Found a shimmering altar of Xom.
  2517 | D:3      | Reached skill level 4 in Stealth
  2525 | D:3      | Reached skill level 1 in Staves
  2525 | D:3      | Reached XP level 5. HP: 28/31 MP: 0/9
  2738 | D:3      | Found a large runed translucent door.
  2738 | D:3      | Found a large runed translucent door.
  2739 | D:3      | Found a corrupted altar of Lugonu.
  2852 | D:3      | Found a one-way gate to the infinite horrors of the Abyss.
  2908 | D:3      | Reached XP level 6. HP: 30/36 MP: 2/10
  3188 | D:4      | Reached skill level 1 in Short Blades
  3272 | D:4      | Found a sand-covered staircase.
  3286 | Ossuary  | Entered an ossuary
  3291 | Ossuary  | Reached skill level 5 in Stealth
  3294 | Ossuary  | Reached skill level 5 in Conjurations
  3926 | D:4      | Noticed Menkaure
  3942 | D:4      | Reached XP level 7. HP: 29/41 MP: 0/12
  4775 | D:4      | Killed Menkaure
  4776 | D:4      | Reached skill level 1 in Fire Magic
  4889 | D:5      | Entered Level 5 of the Dungeon
  5037 | D:5      | Found a radiant altar of Vehumet.
  5046 | D:5      | Became a worshipper of Vehumet
  5056 | D:5      | Reached skill level 6 in Stealth
  5064 | D:5      | HP: 1/41 [black bear (4)]
  5087 | D:5      | Slain by a scorpion

Illustrated notes

Levels and vault maps discovered:
D:1:      scummos_arrival_simple_crosswalls, layout_basic, serial_shops,
          nicolae_shop_advertising_works [nicolae_subvault_shop_adworks],
          serial_corexii_hall, chequers_hall_statues_y, corexii_hall_statues_u,
          hangedman_feature_mirror, minmay_misc_feat_four_crosses
D:2:      layout_basic
D:3:      due_chaos_kobolds, layout_basic, led_xom_imps, serial_shops,
          shop_fountains, corexii_item_surrounded_by_moat,
          minmay_misc_feat_nine_boxes, kennysheep_generic_room_10, uniq_pargi
D:4:      layout_loops_cross, lightli_ossuary_entry_decrepit_ruins,
          uniq_menkaure
D:5:      layout_loops_corners, mainiacjoe_overflow_brackets,
          fiery_altar_vehumet, kiku_gazebo_garden_becter, minmay_lizard_king

Skill      XL: |  1  2  3  4  5  6  7 |
---------------+----------------------+-----
Stealth        | 3 4 5 6 |  6.1
Staves         | 1 |  1.3
Dodging        | 3 4 |  4.3
Spellcasting   | 3 4 |  4.0
Short Blades   | 1 2 |  2.5
Conjurations   | 5 |  5.5
Fire Magic     | 1 |  1.4

Action                     |  1- 3 |  4- 6 |  7- 9 || total
---------------------------+-------+-------+-------++-------
  Melee: Unarmed           |     7 |       |       ||     7
         Tentacles         |     2 |     4 |     2 ||     8
         Constrict         |     1 |     6 |     2 ||     9
         Quarterstaff      |       |     6 |       ||     6
         Dagger            |       |     9 |    10 ||    19
   Cast: Magic Dart        |    58 |    74 |    31 ||   163
         Searing Ray       |     4 |    16 |     9 ||    29
    Use: Scroll            |    10 |     5 |       ||    15
   Stab: Sleeping          |       |       |     1 ||     1
 Armour: Skin              |       |     1 |     3 ||     4
  Dodge: Dodged            |     3 |    15 |    15 ||    33

Table legend: (Time is in decaauts)
 A = Elapsed time spent in this place.
 B = Non-inter-level travel time spent in this place.
 C = Inter-level travel time spent in this place.
 D = Time resting spent in this place.
 E = Time spent auto-exploring this place.
 F = Levels seen in this place.
 G = Mean time per level.
                   A        B        C        D        E       F      G
               +--------+--------+--------+--------+--------+-----+--------+
         Total |   5085 |   4965 |    120 |    523 |   3537 |   6 |  847.5 |
       Dungeon |   4495 |   4375 |    120 |    523 |   3033 |   5 |  899.0 |
       Ossuary |    590 |    590 |      0 |      0 |    504 |   1 |  590.0 |
               +--------+--------+--------+--------+--------+-----+--------+

Top non-repeatable levels by time:
     D:1: 1429 daAuts
     D:4: 1145 daAuts
     D:3: 931 daAuts
     D:2: 791 daAuts
 Ossuary: 590 daAuts
     D:5: 197 daAuts
